 Dungeon Crawl Stone Soup version 0.24-a0-381-g637bb3806f (webtiles) character file.

Game seed: 3805088776298803367

856 Amnesiac the Insei (level 8, -2/75 HPs)
             Began as an Octopode Transmuter on June 3, 2019.
             Engulfed by a steam dragon's steam (10 damage)
             ... on level 5 of the Dungeon.
             The game lasted 00:10:51 (2949 turns).

Amnesiac the Insei (Octopode Transmuter)            Turns: 2949, Time: 00:10:51

Health: -2/75      AC: 24    Str:  9    XL:     8   Next: 2%
Magic:  19/20      EV:  2    Int: 16    God:
Gold:   122        SH:  0    Dex: 14    Spells: 6/11 levels left

rFire    . . .     SeeInvis +   n - staff of energy (curse)
rCold    . . .     Gourm    .   (no shield)
rNeg     + + +     Faith    .   (helmet currently unavailable)
rPois    +         Spirit   .   (no amulet)
rElec    .         Reflect  .   b - ring of see invisible
rCorr    .         Harm     .   e - ring of magical power
MR       .....     NoTele   +   m - ring of wizardry
Stlth    +.........             (no ring)
HPRegen  0.22/turn              (no ring)
MPRegen  0.17/turn              (no ring)
                                (no ring)
                                (no ring)

@: tree-form
A: almost no armour, stealthy swim, (amphibious), 8 rings, (constrict 8)
a: no special abilities


You were on level 5 of the Dungeon.
You were not hungry.
You were a tree.
You visited 1 branch of the dungeon, and saw 5 of its levels.

You collected 122 gold pieces.

Inventory:

Hand Weapons
 q - a +3 whip of flaming
Missiles
 g - 29 poisoned darts (quivered)
Magical Staves
 n - a cursed staff of energy (weapon)
Jewellery
 b - a ring of see invisible (left branch)
 e - a ring of magical power (right branch)
 m - a ring of wizardry (on tentacle)
Scrolls
 j - a scroll of fear {!r, unknown}
 l - 3 scrolls of identify {!r}
 o - 2 scrolls of amnesia {!r}
 r - 2 scrolls of teleportation {!r}
Potions
 d - 2 potions of lignification {!q}
 f - a potion of might {!q, unknown}
 h - a potion of agility {!q, unknown}
 i - a potion of cancellation {!q, unknown}
 k - 3 potions of curing {!q}
Comestibles
 c - 4 rations


   Skills:
 - Level 2.0 Fighting
 - Level 2.0 Dodging
 * Level 6.5 Unarmed Combat
 - Level 2.0 Spellcasting
 * Level 6.5 Transmutations


You had 6 spell levels left.
You knew the following spells:

 Your Spells              Type           Power        Failure   Level  Hunger
b - Sticks to Snakes      Tmut           ###.....     1%          2    None
e - Spider Form           Tmut/Pois      ##........   6%          3    None

Your spell library contained the following spells:

 Spells                   Type           Power        Failure   Level  Hunger
 Beastly Appendage        Tmut           ###...       1%          1    None
 Animate Skeleton         Necr           N/A          9%          1    None
 Apportation              Tloc           #.....       9%          1    None
 Confusing Touch          Hex            #.....       9%          1    None
 Summon Small Mammal      Summ           #...         9%          1    None
 Blade Hands              Tmut           ###.......   16%         5    None
 Ice Form                 Ice/Tmut       ##......     21%         4    None


Dungeon Overview and Level Annotations

Branches:
Dungeon (5/15)
 Temple: D:4-7

Altars:
Elyvilon

Annotations:
D:1 exclusion: door
D:3 2 transporters, 1 runed translucent door, exclusion: downstairs
D:5 Ijyb, Menkaure


Innate Abilities, Weirdness & Mutations

You cannot wear most types of armour.
You are very stealthy in the water. (Stealth+)
((You are amphibious.))
You can wear up to eight rings at the same time.
((You can use your tentacles to constrict eight enemies at once.))
((Your skin changes colour to match your surroundings (Stealth+).))
((Your rubbery body absorbs attacks. (AC +1, EV +1)))


Message History

+0 steam dragon scales; a steam dragon corpse You butcher the steam dragon corpse.
a - 7 chunks of flesh
Things that are here:
+0 steam dragon scales; a steam dragon skeleton You start resting.
Your transformation has ended.
You start resting.
Magic restored.
You start resting.
The steam dragon is too close now for your liking.
There is a stone staircase leading up here.
You climb upwards.
There is a stone staircase leading down here.
You start resting.
HP restored.
You start resting.
All of the chunks of flesh in your inventory have rotted away.
The jackal skeleton is too close now for your liking.
Casting: Spider Form (safe; 6% risk of failure)
Confirm with . or Enter, or press ? or * to list all spells.
You turn into a venomous arachnid creature.
You climb downwards.
Level annotation: Menkaure
There is a stone staircase leading up here.
You see here +0 steam dragon scales.
There isn't anything to butcher here.
Ijyb the Twisted Goblin comes into view.
She is wielding a +0 dagger of holy wrath, wearing a +2 scale mail of cold resistance and carrying a wand of polymorph (5).
You hit the steam dragon.
The steam dragon is lightly wounded.
The steam dragon closely misses you. The steam dragon misses you.
You barely miss the steam dragon.
The steam dragon is lightly wounded.
The steam dragon breathes steam at you. The ball of steam hits you!
You hit the steam dragon but do no damage.
The steam dragon is poisoned.
The steam dragon is lightly wounded.
You are engulfed in a cloud of scalding steam.
The steam dragon completely misses you. The steam dragon misses you.
You hit the steam dragon.
The steam dragon looks as sick as possible!
The steam dragon is lightly wounded.
You are engulfed in a cloud of scalding steam.
* * * LOW HITPOINT WARNING * * *
The steam dragon bites you.
* * * LOW HITPOINT WARNING * * *
The steam dragon barely misses you.
You see here +0 steam dragon scales.
You hit the steam dragon.
The steam dragon looks as sick as possible!
The steam dragon is moderately wounded.
You hit the steam dragon.
The steam dragon looks as sick as possible!
The steam dragon is severely wounded.
The steam dragon breathes steam at you. The ball of steam hits you!
* * * LOW HITPOINT WARNING * * *
Really quaff
d - 3 metallic brown potions {!q}?
It was a potion of lignification {!q}.
Your transformation has ended.
You turn into a tree.
Your roots penetrate the ground.
You are engulfed in a cloud of scalding steam.
You die...

#....#
#....# #....
#...##
#....#
#...##
#....##
#...#D#
#^≈gP≈##.#♣#
#≈...P ###§#
#.≈.... #§#
#...... #<#
##≈.DD. #.#
#P...≈ #.#
###^.≈ ###


You could see a steam dragon.

Vanquished Creatures
  Pikel (D:4)
  A steam dragon (D:5)
  A slave (D:4)
  A bullfrog (D:4)
  A scorpion (D:4)
  2 orc wizards (D:3)
  An iguana (D:4)
  A worker ant (D:4)
  6 adders
  2 gnolls (D:3)
  2 oozes (D:2)
  A worm (D:3)
  2 dart slugs (D:1)
  2 leopard geckos
  3 orcs (D:3)
  3 giant cockroaches
  3 goblins
  3 hobgoblins
  A quokka (D:2)
  A ball python (D:3)
  9 bats
  3 frilled lizards
  4 kobolds
  6 rats
60 creatures vanquished.

Vanquished Creatures (collateral kills)
  A bullfrog skeleton (D:4)
1 creature vanquished.

Vanquished Creatures (others)
  A gnoll (D:4)
1 creature vanquished.

Grand Total: 62 creatures vanquished

Notes
Turn   | Place    | Note
-------+----------+-------------------------------------------
     0 | D:1      | Amnesiac the Octopode Transmuter began the quest for the
                  | Orb.
     0 | D:1      | Reached XP level 1. HP: 13/13 MP: 3/3
    69 | D:1      | Reached XP level 2. HP: 17/18 MP: 5/5
   281 | D:2      | Learned a level 2 spell: Sticks to Snakes
   466 | D:2      | Reached XP level 3. HP: 10/23 MP: 3/6
   661 | D:2      | Learned a level 3 spell: Spider Form
   801 | D:3      | Found a transporter.
   941 | D:2      | Reached XP level 4. HP: 22/28 MP: 7/7
  1092 | D:3      | Found a runed translucent door.
  1153 | D:4      | Noticed Pikel
  1153 | D:4      | Noticed a slave
  1153 | D:4      | Noticed a slave
  1153 | D:4      | Noticed a slave
  1175 | D:3      | Found a white marble altar of Elyvilon.
  1176 | D:3      | Noticed an angel
  1325 | D:3      | Reached XP level 5. HP: 33/34 MP: 6/8
  1502 | D:3      | Found a transporter.
  2021 | D:5      | Entered Level 5 of the Dungeon
  2021 | D:5      | Noticed a phantom
  2022 | D:5      | Noticed Menkaure
  2049 | D:4      | Killed Pikel
  2049 | D:4      | Reached skill level 5 in Unarmed Combat
  2049 | D:4      | Reached skill level 5 in Transmutations
  2049 | D:4      | Reached XP level 6. HP: 22/39 MP: 6/9
  2049 | D:4      | Reached XP level 7. HP: 25/45 MP: 6/10
  2686 | D:5      | Noticed a steam dragon
  2686 | D:5      | Noticed a steam dragon
  2705 | D:5      | Killed a steam dragon
  2705 | D:5      | Reached XP level 8. HP: 14/50 MP: 11/11
  2940 | D:5      | Noticed Ijyb
  2949 | D:5      | Engulfed by a steam dragon's steam

Levels and vault maps discovered:
D:1:      evilmike_arrival_run_for_it, layout_basic
D:2:      layout_basic, marbit_many_paths, first_ration, grunt_ministairs_7
D:3:      gammafunk_wand_slinger, layout_loops_ring, minmay_parallelograms,
          lemuel_angel_altar
D:4:      layout_basic, uniq_pikel
D:5:      kennysheep_steamy, layout_basic, nicolae_ru_awakened_eye,
          nicolae_gozag_cash_rules_everything_around_me,
          gammafunk_temple_overflow_pools, minmay_temple_entry_mini_moons,
          uniq_menkaure, uniq_duvessa, uniq_crazy_yiuf_cottage, uniq_ijyb

Skill      XL: |  1  2  3  4  5  6  7 |
---------------+----------------------+-----
Transmutations | 3 4 5 6 |  6.5
Unarmed Combat | 4 5 6 |  6.5
Fighting       | 2 |  2.0
Dodging        | |  2.0
Spellcasting   | |  2.0

Action                   |  1- 3 |  4- 6 |  7- 9 || total
-------------------------+-------+-------+-------++-------
Melee: Unarmed           |    57 |    37 |    28 ||   122
       Constrict         |    12 |    15 |     3 ||    30
       Tentacles         |     8 |    13 |     4 ||    25
       Staff             |       |    28 |    11 ||    39
       Punch             |       |     1 |     1 ||     2
Throw: Dart              |     7 |     1 |       ||     8
 Cast: Sticks to Snakes  |     2 |     7 |     3 ||    12
       Spider Form       |       |     4 |     4 ||     8
  Use: Scroll            |       |     4 |     4 ||     8
       Potion            |       |       |     1 ||     1
 Stab: Distracted        |     2 |       |       ||     2
       Sleeping          |     3 |     5 |       ||     8
  Eat: Chunk             |       |     3 |       ||     3
       Ration            |       |     1 |       ||     1
Armor: Skin              |     3 |     3 |     2 ||     8
Dodge: Dodged            |    26 |    56 |    31 ||   113

Table legend:
 A = Non-vault XP
 B = Vault XP
 C = Vault XP percentage of total XP
 D = Non-vault monster count
 E = Vault monster count
 F = Vault count percentage of total count
                 A         B        C        D         E       F
            +---------+---------+-------+---------+---------+-------
      Total |     504 |     719 |  58.8 |      57 |       3 |   5.0
            +---------+---------+-------+---------+---------+-------
        D:1 |      21 |       0 |   0.0 |      10 |       0 |   0.0
        D:2 |      66 |       1 |   1.5 |      15 |       1 |   6.2
        D:3 |     173 |       0 |   0.0 |      26 |       0 |   0.0
        D:4 |     244 |     531 |  68.5 |       6 |       1 |  14.3
        D:5 |       0 |     187 | 100.0 |       0 |       1 | 100.0
            +---------+---------+-------+---------+---------+-------
